 Dungeon Crawl Stone Soup version 0.14-a0-3329-g86b2fc4 (webtiles) character file.

7590 4tharraofdagon the Sage (level 10, -7/63 HPs)
             Began as a Demonspawn Fire Elementalist on Mar 16, 2014.
             Was a High Priest of Sif Muna.
             Mangled by a hill giant zombie (23 damage)
             ... on Level 9 of the Dungeon.
             The game lasted 00:28:19 (3316 turns).

4tharraofdagon the Sage (DsFE)                      Turns: 3316, Time: 00:28:19

HP  -7/63        AC 14     Str  8      XL: 10   Next: 89%
MP  17/25        EV 10     Int 20      God: Sif Muna [*****.]
Gold 320         SH  0     Dex 14      Spells:  4 memorised, 10 levels left

rFire  . . .     SeeInvis .     A - +1 flail (protect)
rCold  + . .     Clarity  +     q - +2 leather armour {rC+}
rNeg   . . .     Conserve .     (no shield)
rPois  .         rCorr    .     (helmet restricted)
rElec  .         rRot     .     C - +0 cloak
SustAb . .       Spirit   .     (no gloves)
rMut   .         Warding  .     (no boots)
Saprov . . .     Stasis   .     s - amulet of clarity
MR     .....                    f - ring of regeneration
                                e - ring of wizardry

@: not resistant to hostile enchantments, unstealthy
A: horns 2, slimy green scales 2, powered by pain 2
a: Channel Energy, Forget Spell, Renounce Religion


You were on level 9 of the Dungeon.
You worshipped Sif Muna.
Sif Muna was extremely pleased with you.
You were not hungry.

You visited 2 branches of the dungeon, and saw 10 of its levels.

You collected 320 gold pieces.

Inventory:

Hand weapons
 A - a +1,+1 flail of protection (weapon)
 E - the -1,+9 whip of Uhiopoi {slash, rC+ SInv}
   (You found it on level 7 of the Dungeon)

   It inflicts extra damage upon your enemies.
   It protects you from cold.
   It enhances your eyesight.
Missiles
 x - 4 javelins (quivered)
Armour
 q - a +2 leather armour of cold resistance (worn)
 C - a +0 cloak (worn)
Magical devices
 a - a wand of draining (7)
 p - a wand of random effects (10)
 t - a wand of cold (4)
 B - a wand of draining (3)
 I - a wand of paralysis (8)
Comestibles
 c - 5 bread rations
 m - a honeycomb
 o - 2 meat rations
 N - 6 beef jerkies
 O - a chunk of centaur flesh
Scrolls
 i - a scroll of remove curse
 n - a scroll of immolation {unknown}
 r - a scroll of amnesia {unknown}
 u - a scroll of teleportation
 v - a scroll of blinking {unknown}
 y - a scroll of fog {unknown}
 D - a scroll of enchant weapon I {unknown}
 M - a scroll of recharging {unknown}
Jewellery
 e - a ring of wizardry (left hand)
 f - a ring of regeneration (right hand)
 s - an amulet of clarity (around neck)
Potions
 h - 2 potions of heal wounds
 k - 3 potions of curing
 F - a potion of brilliance
 G - 2 potions of restore abilities
 H - a potion of haste
 K - a potion of flight
 L - a potion of confusion
 P - a potion of cure mutation
Books
 b - a book of Flames

   Spells                             Type                      Level
   *Flame Tongue                      Conjuration/Fire             1
   Throw Flame                        Conjuration/Fire             2
   *Conjure Flame                     Conjuration/Fire             3
   Inner Flame                        Hexes/Fire                   3
   *Sticky Flame                      Conjuration/Fire             4
   *Fireball                          Conjuration/Fire             5
 J - a book of Beasts

   Spells                             Type                      Level
   Summon Butterflies                 Summoning                    1
   Call Canine Familiar               Summoning                    3
   Summon Ice Beast                   Ice/Summoning                4
   Monstrous Menagerie                Summoning                    6
   Summon Mana Viper                  Hexes/Summoning              5
   Summon Hydra                       Summoning                    7
Magical staves
 l - an uncursed staff of power


   Skills:
 - Level 1.7 Dodging
 - Level 1.7 Stealth
 + Level 7.1 Spellcasting
 * Level 8.0 Conjurations
 * Level 8.0 Fire Magic
 - Level 12.3 Invocations


You had 10 spell levels left.
You knew the following spells:

 Your Spells              Type           Power        Failure   Level  Hunger
a - Flame Tongue          Conj/Fire      #####        1%          1    None
b - Conjure Flame         Conj/Fire      #####...     1%          3    #......
c - Sticky Flame          Conj/Fire      #####...     1%          4    ###....
d - Fireball              Conj/Fire      #####.....   4%          5    #####..


Dungeon Overview and Level Annotations

Branches:
Dungeon (9/15)             Temple (1/1) D:5
    Orc: D:9-12        Lair: D:8-11

Altars:
Cheibriados
Dithmenos
Elyvilon
Makhleb
Sif Muna
Trog
Vehumet
Zin
Lugonu


Innate Abilities, Weirdness & Mutations

You have a pair of horns on your head.
You are mostly covered in slimy green scales (AC +3).
You sometimes gain power by taking damage.


Message History

Unknown command.
You sock the hungry ghost!
You destroy the hungry ghost!
The orc priest's eyes start to glow.
The hill giant zombie is engulfed in roaring flames.
The hill giant zombie hits you but does no damage.
A kobold comes into view.
Unknown command.
Unknown command.
Unknown command.
You hit the ogre zombie.
The orc priest calls down the wrath of Beogh upon something.
Something smites you!
The ogre zombie is engulfed in roaring flames.
The ogre zombie hits you!
* * * LOW HITPOINT WARNING * * *
The kobold moves out of view.
The hill giant zombie is engulfed in roaring flames.
The hill giant zombie hits you!
You die...

... ... #.. #.#
#.# #.# #.#
#####.#########
#zZ@.).(<)[..)#
#..Z##########.#
#....8. #...o..
#%...zK .....$
..... .... .


You could see an orc priest, a goblin zombie, an orc zombie, an ogre zombie, a
hill giant zombie and a kobold (wandering).

Vanquished Creatures
  Pikel (D:8)
  A hill giant (D:8)
  2 orc knights (D:7)
  2 hungry ghosts (D:9)
  A hill giant skeleton (D:7)
  Edmund (D:8)
  10 orc warriors
  2 necrophages (D:8)
  18 wargs (D:7)
  An ice beast (D:8)
  A phantom (D:8)
  3 ogres (D:7)
  2 centaurs
  A big kobold (D:8)
  A scorpion (D:8)
  A troll zombie (D:9)
  5 killer bees (D:8)
  A yak skeleton (D:8)
  A hippogriff zombie (D:8)
  An eye of draining (D:5)
  6 wights
  A centaur zombie (D:8)
  A goliath beetle (D:9)
  A crimson imp (D:9)
  4 orc priests
  A giant frog skeleton (D:5)
  6 worker ants
  2 orc wizards
  Ijyb (D:2)
  An ogre zombie (D:9)
  2 hounds
  A hound skeleton (D:5)
  A mummy (D:8)
  5 adders
  8 orc zombies
  A giant mite (D:2)
  A worm (D:2)
  An adder skeleton (D:5)
  A giant gecko (D:3)
  33 orcs
  A ball python (D:2)
  A bat skeleton (D:8)
  3 giant cockroaches
  9 hobgoblins
  7 jackals
  9 kobolds
  A quokka (D:5)
  A ball python skeleton (D:4)
  4 bats
  2 giant newts
  7 goblins
  3 goblin zombies (D:9)
  2 hobgoblin skeletons
  4 hobgoblin zombies
  3 orc skeletons (D:9)
  6 rats
197 creatures vanquished.

Vanquished Creatures (others)
  2 slaves (D:8)
  A giant gecko (D:8)
  4 kobolds (D:8)
  A plant (D:7)
8 creatures vanquished.

Grand Total: 205 creatures vanquished

Notes
Turn   | Place    | Note
--------------------------------------------------------------
     0 | D:1      | 4tharraofdagon, the Demonspawn Fire Elementalist, began the quest for the Orb.
     0 | D:1      | Reached XP level 1. HP: 13/13 MP: 3/3
    69 | D:1      | regen+wizardry :o
   236 | D:2      | Gained mutation: You sometimes gain a little power by taking damage. [demonic ancestry]
   236 | D:2      | Reached XP level 2. HP: 5/19 MP: 0/4
   298 | D:2      | Reached skill level 3 in Fire Magic
   512 | D:3      | Gained mutation: You are partially covered in slimy green scales (AC +2). [demonic ancestry]
   512 | D:3      | Reached XP level 3. HP: 20/24 MP: 3/6
   574 | D:2      | Noticed Ijyb
   611 | D:2      | Killed Ijyb
   655 | D:3      | Learned a level 3 spell: Conjure Flame
   855 | D:5      | Entered Level 5 of the Dungeon
   855 | D:5      | Found a staircase to the Ecumenical Temple.
   861 | Temple   | Entered the Ecumenical Temple
   873 | Temple   | Became a worshipper of Sif Muna the Loreminder
   928 | D:5      | Found a radiant altar of Vehumet.
   958 | D:5      | Gained mutation: You are mostly covered in slimy green scales (AC +3). [demonic ancestry]
   958 | D:5      | Reached XP level 4. HP: 30/30 MP: 4/8
  1005 | D:4      | Learned a level 4 spell: Sticky Flame
  1046 | D:5      | Reached XP level 5. HP: 35/35 MP: 8/10
  1055 | D:5      | Reached skill level 4 in Fire Magic
  1081 | D:5      | Found a white marble altar of Elyvilon.
  1159 | D:5      | Found a burning altar of Makhleb.
  1184 | D:5      | Acquired Sif Muna's first power
  1196 | D:5      | Found a bloodstained altar of Trog.
  1212 | D:5      | Reached skill level 1 in Invocations
  1221 | D:5      | Reached XP level 6. HP: 29/41 MP: 0/13
  1342 | D:5      | Noticed a centaur
  1352 | D:5      | Killed a centaur
  1637 | D:7      | Noticed a warg
  1639 | D:7      | Noticed a warg
  1654 | D:7      | Killed a warg
  1654 | D:7      | Gained mutation: You have a pair of small horns on your head. [demonic ancestry]
  1654 | D:7      | Reached XP level 7. HP: 46/46 MP: 13/15
  1674 | D:7      | Killed a warg
  1674 | D:7      | Reached skill level 5 in Fire Magic
  1674 | D:7      | Reached skill level 5 in Invocations
  1715 | D:7      | Noticed a warg
  1723 | D:7      | Killed a warg
  1723 | D:7      | Acquired Sif Muna's second power
  1734 | D:7      | Noticed a warg
  1740 | D:7      | Killed a warg
  1740 | D:7      | Reached skill level 6 in Invocations
  1740 | D:7      | Gained mutation: You sometimes gain power by taking damage. [demonic ancestry]
  1740 | D:7      | Reached XP level 8. HP: 32/52 MP: 18/18
  1749 | D:7      | Learned a level 5 spell: Fireball
  1858 | D:7      | Noticed an orc knight
  1891 | D:7      | Killed an orc knight
  1891 | D:7      | Reached skill level 5 in Conjurations
  1891 | D:7      | Reached skill level 7 in Invocations
  1990 | D:7      | Reached skill level 5 in Spellcasting
  1990 | D:7      | Reached skill level 8 in Invocations
  2083 | D:7      | Reached XP level 9. HP: 36/57 MP: 10/21
  2110 | D:7      | Noticed a warg
  2148 | D:7      | Noticed an orc knight
  2160 | D:7      | Killed an orc knight
  2160 | D:7      | Reached skill level 9 in Invocations
  2250 | D:7      | Got a polished whip
  2337 | D:7      | Noticed a warg
  2340 | D:7      | Noticed a warg
  2348 | D:7      | Killed a warg
  2353 | D:7      | Killed a warg
  2368 | D:7      | Noticed a warg
  2374 | D:7      | Killed a warg
  2374 | D:7      | Reached skill level 10 in Invocations
  2382 | D:7      | Noticed a warg
  2390 | D:7      | Killed a warg
  2442 | D:7      | Killed a warg
  2529 | D:7      | Acquired Sif Muna's third power
  2560 | D:7      | Noticed a hill giant skeleton
  2568 | D:7      | Killed a hill giant skeleton
  2609 | D:7      | Noticed a warg
  2609 | D:7      | Noticed a warg
  2610 | D:7      | Noticed a warg
  2610 | D:7      | Noticed a warg
  2615 | D:7      | Killed a warg
  2620 | D:7      | Killed a warg
  2620 | D:7      | Killed a warg
  2620 | D:7      | Gained mutation: You have a pair of horns on your head. [demonic ancestry]
  2620 | D:7      | Reached XP level 10. HP: 40/63 MP: 4/24
  2622 | D:7      | Killed a warg
  2622 | D:7      | Reached skill level 11 in Invocations
  2661 | D:7      | Noticed a warg
  2672 | D:7      | Killed a warg
  2697 | D:7      | Noticed a warg
  2705 | D:7      | Killed a warg
  2718 | D:7      | Noticed a warg
  2720 | D:7      | Noticed a warg
  2720 | D:7      | Noticed a warg
  2723 | D:7      | Killed a warg
  2727 | D:7      | Killed a warg
  2733 | D:7      | Killed a warg
  2867 | D:8      | Noticed Pikel
  2876 | D:8      | Killed Pikel
  2911 | D:8      | Noticed Edmund
  2924 | D:8      | Killed Edmund
  2927 | D:8      | Noticed a hill giant
  2934 | D:8      | Killed a hill giant
  2934 | D:8      | Reached skill level 12 in Invocations
  3120 | D:8      | Identified the cursed -1,+9 whip of Uhiopoi {slash, rC+ SInv} (You found it on level 7 of the Dungeon)
  3316 | D:9      | Mangled by a hill giant zombie

Action                   |  1- 3 |  4- 6 |  7- 9 | 10-12 || total
-------------------------+-------+-------+-------+-------++-------
Melee: Mace              |    20 |       |       |       ||    20
       Falchion          |    65 |    29 |       |       ||    94
       Flail             |       |    53 |    49 |    82 ||   184
 Cast: Flame Tongue      |    29 |    33 |    54 |    17 ||   133
       Conjure Flame     |       |     2 |     6 |    13 ||    21
       Sticky Flame      |       |     5 |    35 |    20 ||    60
       Fireball          |       |       |     4 |    12 ||    16
Invok: Channel Energy    |       |    23 |    36 |    28 ||    87
Evoke: Wand              |     7 |     9 |     1 |     3 ||    20
  Use: Scroll            |     2 |     1 |     2 |     5 ||    10
 Stab: Distracted        |     1 |       |       |       ||     1
       Sleeping          |     1 |       |       |       ||     1
